 Dungeon Crawl Stone Soup version 0.23.2-40-g277498a001 (webtiles) character file.

Game seed: 8958040689297217626

275273 RatFace the Executioner (level 19, -3/184 HPs)
             Began as a Minotaur Berserker on Sept 8, 2019.
             Was a High Priest of Trog.
             Slain by a deep troll (28 damage)
             ... on level 15 of the Dungeon on Sept 9, 2019.
             The game lasted 01:37:52 (39281 turns).

RatFace the Executioner (Minotaur Berserker)       Turns: 39281, Time: 01:37:52

Health: -3/184     AC: 35    Str: 25    XL:     19   Next: 55%
Magic:  22/22      EV: 13    Int:  4    God:    Trog [*****.]
Gold:   2318       SH:  0    Dex: 15    Spells: 18/18 levels left

rFire    + + .     SeeInvis +   a - +3 executioner's axe (chop)
rCold    + . .     Gourm    .   (shield currently unavailable)
rNeg     . . .     Faith    +   m - +9 plate armour {rF+}
rPois    +         Spirit   .   v - +0 hat {SInv}
rElec    .         Reflect  .   e - +0 cloak
rCorr    .         Harm     .   X - +2 pair of gloves "Kysm" {rF+ rC+ Stlth+}
MR       +++++                  b - +1 pair of boots of Defiance {MR+ Str-5 Dex+5}
Stlth    ..........             P - amulet of faith
HPRegen  1.40/turn              B - ring of protection from magic
MPRegen  0.18/turn              M - ring of poison resistance

@: berserk cooldown, very slightly contaminated, regenerating, hasted and slowed
A: retaliatory headbutt, horns 2
}: 2/15 runes: barnacled, gossamer
a: Berserk, Trog's Hand, Brothers in Arms, Renounce Religion


You were on level 15 of the Dungeon.
You worshipped Trog.
Trog was extremely pleased with you.
You were near starving.

You visited 6 branches of the dungeon, and saw 32 of its levels.
You visited 1 bazaar.
You also visited: Gauntlet and Ice Cave.

You collected 3376 gold pieces.
You spent 1058 gold pieces at shops.

Inventory:

Hand Weapons
 a - a +3 executioner's axe of chopping (weapon)
 D - a +2 antimagic executioner's axe
 W - a +7 blowgun
Missiles
 g - 3 throwing nets (quivered)
 h - 4 needles of frenzy
 y - 11 javelins of returning
 R - 79 poisoned needles
 Z - 5 curare-tipped needles
Armour
 b - the +1 pair of boots of Defiance (worn) {MR+ Str-5 Dex+5}
   (You found it on level 4 of the Spider Nest)

   It affects your strength (-5).
   It affects your dexterity (+5).
   It affects your resistance to hostile enchantments.
 e - a +0 cloak (worn)
 m - a +9 plate armour of fire resistance (worn)
 v - a +0 hat of see invisible (worn)
 X - the +2 pair of gloves "Kysm" (worn) {rF+ rC+ Stlth+}
   (You found it in a Gauntlet)

   It protects you from fire.
   It protects you from cold.
   It makes you more stealthy.
Jewellery
 i - a +3 ring of evasion
 B - a ring of protection from magic (left hand)
 M - a ring of poison resistance (right hand)
 P - an amulet of faith (around neck)
 U - an uncursed ring of resist corrosion
Wands
 d - a wand of acid (30)
 l - a wand of paralysis (7)
 q - a wand of clouds (4)
 s - a wand of scattershot (6)
 t - a wand of digging (15)
 H - a wand of flame (102)
 L - a wand of random effects (25)
 Q - a wand of iceblast (34)
 V - a wand of polymorph (12)
Scrolls
 f - 6 scrolls of remove curse
 j - 6 scrolls of teleportation
 k - 3 scrolls of fear
 w - 4 scrolls of blinking
 A - 8 scrolls of enchant weapon
 G - a scroll of summoning
 K - 2 scrolls of fog
 N - a scroll of magic mapping
 S - a scroll of silence
 Y - a scroll of enchant armour
Potions
 n - a potion of flight
 o - 5 potions of agility
 p - 8 potions of cancellation
 r - 2 potions of heal wounds
 u - 6 potions of curing
 x - 2 potions of ambrosia
 z - 2 potions of invisibility
 I - 6 potions of haste
 J - 2 potions of resistance
 O - 5 potions of might
Comestibles
 c - 15 rations
 C - 11 chunks of flesh


   Skills:
 - Level 19.7 Fighting
 * Level 25.4 Axes
 - Level 17.2 Armour
 - Level 8.3 Dodging
 + Level 6.5 Evocations


You had 18 spell levels left.
You didn't know any spells.
Your spell library was empty.

Dungeon Overview and Level Annotations

Branches:
Dungeon (15/15)            Temple (0/1) D:5            Lair (6/6) D:11
 Shoals (4/4) Lair:3       Spider (4/4) Lair:3        Slime (0/5) Lair:5
    Orc (2/2) D:9             Elf (0/3) Orc:2        Vaults (0/5) D:14
 Depths (1/5) D:15

Altars:
Fedhas
Hepliaklqana
Ru
Trog
Xom
Beogh

Shops:
D:7 =}%[   D:8 :   D:13 %   D:14 [   Orc:2 ***(   Depths:1 [

Annotations:
D:12 2 transporters, Exodus22XD's ghost, novice DDFi
Lair:1 1 runed translucent door, Molter's ghost, journeyman DrSk
Lair:2 exclusion: 2 oklob plants
Lair:3 1 runed translucent door
Shoals:3 Mara


Innate Abilities, Weirdness & Mutations

You reflexively headbutt those who attack you in melee.
You have a pair of horns on your head.


Message History

Unknown command.
Unknown command.
Unknown command.
Unknown command.
Unknown command.
Blink to where?
Press: ? - help, Dir - move target cursor You are very lightly contaminated with residual magic.
As you read the scroll of blinking, it crumbles to dust.
You feel yourself speed up.
The sentinel's mark upon you fades away.
The deep troll barely misses you. The deep troll misses you.
The deep troll claws you but does no damage.
You see here +0 fire dragon scales.
Your troll goes berserk!
You feel somewhat more hungry. The deep troll bites you!!
* * * LOW HITPOINT WARNING * * *
The deep troll claws you but does no damage. x2
The deep troll bites you!!
You die...

.#.........#.......# #.#####.#.
.#.........#.##....# #.......#.
.#.........#..##...#####.......#.
.#.........#...##.......)......#.
.#.........#....##.............##
##..#####..#..8..#...............
#...#...#..#....T#...............
'...#...#..#..##.#........###''##
##..#...#..#.###@##.......#.....#
.#..#...#..'.##CT.##......#.....§
<#..#...#..#.#..#..#......#....§§
.#..#...#.##.#..#..#......#....#≈
.#..#...#.#..#..#..#......#...≈##
.#..#...#.#..#..#..#......#..###§
.#..'...#.#..#..#..#......#..≈#§.
.#..#####.#..##.(.##........≈###.
.#........#...##>##[).....#.##≈..


You could see an ettin, a deep troll and a friendly troll (berserk).

Vanquished Creatures
  Bai Suzhen (Shoals:3)
  Arachne (Spider:4)
  Jorgrun (D:12)
  Rupert (D:15)
  2 Ice Fiends (IceCv)
  The ghost of mys the Peltast, an adept FoCK of Xom (Spider:4)
  Asterion (Spider:3)
  Gastronok (D:9)
  An Executioner (Spider:4)
  Kirke (Lair:6)
  5 emperor scorpions
  6 ghost moths
  8 entropy weavers
  2 stone giants
  Azrael (D:15)
  A minotaur (Gauntlet)
  5 merfolk javelineers
  3 merfolk impalers (Shoals:4)
  Snorg (Lair:6)
  A fire dragon (D:15)
  A great orb of eyes (Depths:1)
  Josephine (Orc:2)
  2 ice dragons
  Harold (D:9)
  2 merfolk avatars (Shoals:4)
  9 hydras
  8 centaur warriors
  5 merfolk aquamancers
  5 deep troll shamans (Depths:1)
  An alligator snapping turtle (Shoals:4)
  A tengu warrior (D:14)
  A death knight (D:15)
  11 two-headed ogres
  A queen ant (Spider:2)
  A satyr (Shoals:4)
  3 death yaks
  3 ogre magi
  2 vampire magi
  4 orc high priests (Orc:2)
  Nergalle (Orc:1)
  An iron troll (Depths:1)
  13 sea snakes
  6 deep trolls (Depths:1)
  A kraken simulacrum (Shoals:4)
  2 wizards
  Pikel (D:6)
  A phantasmal warrior (D:15)
  21 orb spiders
  5 deep elf magi
  6 ugly things (D:14)
  5 harpies (Shoals:1)
  22 wolf spiders
  An orc sorcerer (Orc:2)
  A cyclops (D:10)
  An orc knight (Orc:2)
  10 manticores
  A faun (Shoals:2)
  4 merfolk sirens
  9 elephants
  8 black mambas
  4 moths of wrath
  2 water nymphs
  A naga mage (D:15)
  Psyche (D:11)
  2 ice statues (IceCv)
  16 spiny frogs
  A gargoyle (D:14)
  A spiny frog (shapeshifter) (D:13)
  4 torpor snails
  A rime drake (Lair:2)
  7 komodo dragons
  3 freezing wraiths
  A tengu conjurer (D:14)
  10 ice devils (IceCv)
  10 demonic crawlers
  A queen bee (Lair:4)
  2 meliai (Lair:4)
  A polar bear (shapeshifter) (D:15)
  22 merfolk
  2 polar bears (Lair:6)
  38 jumping spiders
  2 wind drakes (Shoals:4)
  8 trolls
  12 hornets
  A raiju (shapeshifter) (Depths:1)
  16 hippogriffs
  14 blink frogs
  A blink frog (shapeshifter) (D:15)
  A meliai zombie (D:15)
  6 snapping turtles
  A dream sheep (Lair:6)
  Sigmund (D:4)
  59 redbacks
  30 tarantellas
  16 spriggans
  2 shadows
  2 water elementals (Shoals:3)
  8 wraiths
  A vampire (D:12)
  3 hogs (Lair:6)
  A basilisk (shapeshifter) (Depths:1)
  6 basilisks
  43 yaks
  3 fire elementals (D:15)
  4 wyverns
  2 hungry ghosts
  5 vampire mosquitoes
  A warg (Orc:1)
  A hell hound (D:15)
  17 soldier ants (Spider:2)
  2 acid dragons
  A soldier ant (shapeshifter) (D:14)
  An acid dragon (shapeshifter) (D:14)
  13 water moccasins
  12 porcupines
  A hornet zombie (D:14)
  22 orc warriors
  5 sky beasts
  5 black bears
  2 slaves (D:5)
  8 ice beasts
  A necrophage (D:10)
  17 ogres
  2 phantoms (D:8)
  26 wolves
  8 boggarts
  21 centaurs
  11 crocodiles
  2 big kobolds
  17 bullfrogs
  A wyvern zombie (D:7)
  11 scorpions
  2 wyvern skeletons
  39 killer bees
  7 howler monkeys
  4 electric eels
  2 bullfrog zombies (D:8)
  4 crimson imps
  26 orc priests
  22 orc wizards
  3 centaur skeletons
  3 centaur zombies
  7 hounds
  9 jellies
  6 iguanas
  Ijyb (D:3)
  Natasha (twice) (D:4)
  30 worker ants
  A killer bee zombie (D:6)
  2 hound skeletons
  A howler monkey zombie (D:5)
  Robin (D:3)
  22 adders
  3 gnolls (D:11)
  7 shadow imps
  9 white imps (IceCv)
  An ufetubus (IceCv)
  3 oozes
  2 adder zombies
  3 dart slugs
  4 leopard geckos
  81 orcs
  3 giant cockroaches
  17 goblins
  4 hobgoblins
  7 jackals
  3 quokkas
  3 ball pythons
  19 bats
  A frilled lizard (D:1)
  A jackal skeleton (D:4)
  12 kobolds
  A leopard gecko skeleton (D:4)
  A leopard gecko zombie (D:5)
  A quokka skeleton (D:10)
  6 rats
  7 fungi
  18 plants
  A tentacle (Shoals:4)
1224 creatures vanquished.

Vanquished Creatures (collateral kills)
  A ghost moth (Spider:4)
  A spark wasp (Spider:4)
  A merfolk javelineer (Shoals:4)
  2 merfolk impalers (Shoals:4)
  An ogre mage (Depths:1)
  A two-headed ogre (Depths:1)
  A merfolk aquamancer (Shoals:4)
  An orb spider (Spider:3)
  A demonic crawler (Spider:4)
  3 ice devils (IceCv)
  2 jumping spiders (Spider:2)
  A meliai (Lair:4)
  2 hornets (Spider:3)
  A tarantella (Spider:3)
  An ogre (Depths:1)
  A killer bee (Lair:4)
21 creatures vanquished.

Vanquished Creatures (others)
  A jumping spider (Spider:4)
  A human (Lair:6)
  4 white imps (IceCv)
  4 ufetubi (IceCv)
  5 demonic plants (Gauntlet)
  4 fungi
  17 plants
  7 tentacles
  4 toadstools (D:5)
47 creatures vanquished.

Grand Total: 1292 creatures vanquished

Notes
Turn   | Place    | Note
-------+----------+-------------------------------------------
     0 | D:1      | RatFace the Minotaur Berserker began the quest for the Orb.
     0 | D:1      | Reached XP level 1. HP: 19/19 MP: 0/0
    59 | D:1      | Reached skill level 4 in Axes
    64 | D:1      | Reached XP level 2. HP: 26/26 MP: 1/1
   296 | D:1      | Reached skill level 5 in Axes
   471 | D:2      | Reached XP level 3. HP: 30/31 MP: 2/2
   757 | D:2      | Reached ** piety under Trog
  1069 | D:2      | Found a hazy altar of Hepliaklqana.
  1275 | D:3      | Noticed Robin
  1282 | D:3      | Reached skill level 6 in Axes
  1282 | D:3      | Reached XP level 4. HP: 39/39 MP: 3/3
  1283 | D:3      | Noticed Ijyb
  1298 | D:3      | Killed Ijyb
  1303 | D:3      | Killed Robin
  1658 | D:3      | Reached skill level 7 in Axes
  1658 | D:3      | Reached XP level 5. HP: 45/45 MP: 4/4
  2129 | D:4      | Noticed an ogre
  2136 | D:4      | Killed an ogre
  2136 | D:4      | Reached skill level 8 in Axes
  2376 | D:4      | Reached *** piety under Trog
  2376 | D:4      | Reached XP level 6. HP: 48/51 MP: 5/5
  2382 | D:4      | Noticed Sigmund
  2397 | D:4      | Killed Sigmund
  2397 | D:4      | Reached skill level 9 in Axes
  2577 | D:4      | Reached XP level 7. HP: 13/57 MP: 6/6
  2816 | D:4      | Reached skill level 10 in Axes
  3125 | D:4      | Noticed Natasha
  3130 | D:4      | Killed Natasha
  3408 | D:4      | Noticed Natasha
  3416 | D:4      | Killed Natasha
  3518 | D:5      | Entered Level 5 of the Dungeon
  3518 | D:5      | Found a staircase to the Ecumenical Temple.
  3542 | D:5      | Reached skill level 11 in Axes
  3675 | D:5      | Reached XP level 8. HP: 64/64 MP: 7/7
  3785 | D:5      | Reached skill level 12 in Axes
  4326 | D:6      | Noticed Pikel
  4483 | D:6      | Reached **** piety under Trog
  4847 | D:6      | Killed Pikel
  4847 | D:6      | Reached skill level 13 in Axes
  4847 | D:6      | Reached XP level 9. HP: 70/70 MP: 8/8
  4853 | D:6      | Reached skill level 14 in Axes
  4914 | D:6      | Found a blossoming altar of Fedhas.
  5342 | D:7      | Found Dutuifri's Gadget Shop.
  5449 | D:7      | Found Xohuc's Jewellery Shoppe.
  5548 | D:7      | Found Edoroa's Food Shop.
  5590 | D:7      | Found a shimmering altar of Xom.
  5967 | D:7      | Reached skill level 15 in Axes
  6133 | D:7      | Found Secu's Antique Armour Shoppe.
  6137 | D:7      | Bought a pair of runed gloves for 217 gold pieces
  6501 | D:8      | Noticed a two-headed ogre
  6505 | D:8      | Killed a two-headed ogre
  6505 | D:8      | Reached skill level 16 in Axes
  6697 | D:8      | Reached XP level 10. HP: 74/77 MP: 9/9
  6824 | D:8      | Noticed a four-headed hydra
  6855 | D:8      | Found Weuschant's Book Emporium.
  6869 | D:8      | Reached ***** piety under Trog
  6966 | D:8      | Reached skill level 17 in Axes
  7216 | D:8      | Killed a four-headed hydra
  7386 | D:8      | Noticed a four-headed hydra
  7396 | D:8      | Killed a four-headed hydra
  7396 | D:8      | Reached skill level 18 in Axes
  7744 | D:8      | Identified Soinis's Tome of Enhancements and Flight
  8141 | D:9      | Noticed Harold
  8151 | D:9      | Killed Harold
  8151 | D:9      | Reached skill level 5 in Fighting
  8256 | D:9      | Reached XP level 11. HP: 88/88 MP: 10/10
  8259 | D:9      | Found a staircase to the Orcish Mines.
  8310 | D:9      | Received a gift from Trog
  8463 | D:9      | Reached skill level 5 in Armour
  8505 | D:9      | Noticed Gastronok
  8515 | D:9      | Killed Gastronok
  9226 | D:10     | Entered Level 10 of the Dungeon
  9333 | D:10     | Received a gift from Trog
  9987 | D:11     | Noticed a four-headed hydra
 10200 | D:11     | Killed a four-headed hydra
 10200 | D:11     | Reached skill level 10 in Fighting
 10200 | D:11     | Reached XP level 12. HP: 73/106 MP: 11/11
 10304 | D:11     | Reached skill level 10 in Armour
 10402 | D:11     | Found a gateway to a bazaar.
 10420 | Bazaar   | Entered a bazaar
 10420 | Bazaar   | Found Cuceoh's Assorted Antiques.
 10423 | Bazaar   | Found Gik Miwn's Distillery.
 10436 | Bazaar   | Found Umpi's Book Emporium.
 10454 | Bazaar   | Found Waraopen's Magic Scroll Boutique.
 10462 | Bazaar   | Bought a scroll of teleportation for 21 gold pieces
 10462 | Bazaar   | Bought a scroll of enchant weapon for 52 gold pieces
 10494 | Bazaar   | Bought a yellow potion for 28 gold pieces
 10494 | Bazaar   | Bought a white potion for 28 gold pieces
 10494 | Bazaar   | Bought a white potion for 28 gold pieces
 10525 | Bazaar   | Bought a scroll of identify for 14 gold pieces
 10525 | Bazaar   | Bought a scroll of identify for 14 gold pieces
 10556 | Bazaar   | Bought a potion of curing for 96 gold pieces
 10615 | D:11     | Found a sacrificial altar of Ru.
 10681 | D:11     | Noticed Psyche
 10685 | D:11     | Killed Psyche
 10685 | D:11     | Reached ****** piety under Trog
 10688 | D:11     | Found a staircase to the Lair.
 10877 | D:12     | Found a transporter.
 10877 | D:12     | Noticed a two-headed ogre
 10879 | D:12     | Noticed Exodus22XD's ghost (novice DDFi)
 10880 | D:12     | Noticed a two-headed ogre
 10881 | D:12     | Found a bloodstained altar of Trog.
 10881 | D:12     | Identified the +9 short sword of Pyromania {distort, MR-
                  | Int+3}
 10881 | D:12     | Noticed a tengu warrior
 10881 | D:12     | Noticed a two-headed ogre
 10884 | D:12     | Noticed a two-headed ogre
 10889 | D:12     | Noticed Jorgrun
 10899 | D:12     | Killed Jorgrun
 10988 | D:12     | Noticed a two-headed ogre
 10994 | D:12     | Killed a two-headed ogre
 11149 | D:12     | Found a transporter.
 11254 | D:12     | Received a gift from Trog
 11689 | D:13     | Noticed a centaur warrior
 11695 | D:13     | Killed a centaur warrior
 11774 | D:13     | Found Peniza's Food Shop.
 12028 | D:13     | Noticed a centaur warrior
 12031 | D:13     | Noticed a two-headed ogre
 12037 | D:13     | Killed a centaur warrior
 12042 | D:13     | Killed a two-headed ogre
 12045 | D:13     | Noticed an eight-headed hydra
 12110 | Lair:1   | Entered Level 1 of the Lair of Beasts
 12115 | Lair:1   | Got a polished falchion
 12116 | Lair:1   | Identified the +4 falchion "Coomige" {flame, +Fly Int+4}
                  | (You found it on level 1 of the Lair of Beasts)
 12212 | Lair:1   | Found a runed translucent door.
 12218 | Lair:1   | Noticed Molter's ghost (journeyman DrSk)
 12448 | Lair:1   | Noticed a five-headed hydra
 12457 | Lair:1   | Killed a one-headed hydra
 12457 | Lair:1   | Reached XP level 13. HP: 93/122 MP: 12/12
 13062 | Lair:2   | Found a gate leading to a gauntlet.
 13071 | Gauntlet | Entered a Gauntlet
 13071 | Gauntlet | Found a transporter.
 13240 | Gauntlet | Found a transporter.
 13256 | Gauntlet | Found a transporter.
 13260 | Gauntlet | Found a transporter.
 13280 | Gauntlet | Found a transporter.
 13300 | Gauntlet | Found a transporter.
 13303 | Gauntlet | Found a transporter.
 13313 | Gauntlet | Found a transporter.
 13330 | Gauntlet | Found a transporter.
 13334 | Gauntlet | Found a transporter.
 13342 | Gauntlet | Found a transporter.
 13362 | Gauntlet | Found a transporter.
 13362 | Gauntlet | Noticed a blizzard demon
 13436 | Gauntlet | Got a pair of warped gloves
 13547 | Gauntlet | Identified the +2 pair of gloves "Kysm" {rF+ rC+ Stlth+}
                  | (You found it in a Gauntlet)
 13578 | Gauntlet | Identified the +8 flail of Checkmate {drain, rC+ MR+ Dex+5}
 13578 | Gauntlet | Noticed a minotaur
 13586 | Gauntlet | Killed a minotaur
 13622 | Gauntlet | Got a polished battleaxe
 13625 | Lair:2   | Identified the cursed +1 battleaxe of Duty {chop, rN+
                  | Dex+2} (You found it in a Gauntlet)
 13646 | Lair:2   | Received a gift from Trog
 14515 | Lair:3   | Found a staircase to the Shoals.
 14781 | Lair:3   | Found a runed translucent door.
 15113 | Lair:3   | Found a hole to the Spider Nest.
 15946 | D:7      | Bought an uncursed ring of poison resistance for 280 gold
                  | pieces
 16775 | Lair:4   | Received a gift from Trog
 16788 | Lair:4   | Reached skill level 15 in Fighting
 17307 | Lair:4   | Reached XP level 14. HP: 125/135 MP: 13/13
 17330 | Lair:4   | Reached skill level 19 in Axes
 18571 | Lair:5   | Received a gift from Trog
 18594 | Lair:5   | Found a staircase to the Slime Pits.
 18985 | Lair:6   | Entered Level 6 of the Lair of Beasts
 19029 | Lair:6   | Noticed Kirke
 19045 | Lair:6   | Killed Kirke
 19158 | Lair:6   | Reached skill level 20 in Axes
 19390 | Lair:6   | Noticed Snorg
 19512 | Lair:6   | Received a gift from Trog
 19792 | Lair:6   | Killed Snorg
 20130 | Orc:1    | Entered Level 1 of the Orcish Mines
 20195 | Orc:1    | You fall through a shaft!
 20195 | Orc:2    | Entered Level 2 of the Orcish Mines
 20227 | Orc:2    | Reached XP level 15. HP: 141/147 MP: 14/14
 20246 | Orc:2    | Found a staircase to the Elven Halls.
 20644 | Orc:1    | Found a roughly hewn altar of Beogh.
 20709 | Orc:1    | Noticed Nergalle
 20720 | Orc:1    | Killed Nergalle
 20911 | Orc:2    | Received a gift from Trog
 21087 | Orc:2    | Reached skill level 21 in Axes
 21178 | Orc:2    | Found Pajiwug's General Store.
 21178 | Orc:2    | Found Piorchol's Antique Weapon Emporium.
 21179 | Orc:2    | Found Faeckige's Assorted Antiques.
 21183 | Orc:2    | Found Pennelui's General Store.
 21189 | Orc:2    | Paralysed by an orc sorcerer for 7 turns
 21346 | Orc:2    | Noticed Josephine
 21357 | Orc:2    | Killed Josephine
 21989 | D:14     | Received a gift from Trog
 22227 | D:14     | Reached skill level 22 in Axes
 22274 | D:14     | Found a gate to the Vaults.
 22676 | D:14     | Found Tiny's Antique Armour Shoppe.
 22960 | D:15     | Entered Level 15 of the Dungeon
 22961 | D:15     | Noticed Rupert
 22978 | D:15     | Killed Rupert
 23609 | Spider:1 | Entered Level 1 of the Spider Nest
 23656 | Spider:1 | Noticed a ghost moth
 23658 | Spider:1 | Received a gift from Trog
 23669 | Spider:1 | Killed a ghost moth
 24169 | D:7      | Bought an uncursed ring of resist corrosion for 280 gold
                  | pieces
 24426 | Spider:1 | Found a roughly hewn altar of Beogh.
 24804 | Spider:1 | Reached skill level 23 in Axes
 25828 | Spider:2 | Reached XP level 16. HP: 93/155 MP: 15/15
 26091 | Spider:2 | Received a gift from Trog
 27631 | Spider:3 | Noticed Asterion
 27678 | Spider:3 | Reached skill level 5 in Dodging
 27909 | Spider:3 | Received a gift from Trog
 28760 | Spider:3 | Reached skill level 15 in Armour
 29140 | Spider:3 | Killed Asterion
 29724 | Spider:4 | Entered Level 4 of the Spider Nest
 30325 | Spider:4 | Received a gift from Trog
 30738 | Spider:4 | Found a runed translucent gate.
 30825 | Spider:4 | Paralysed by a hornet for 3 turns
 31677 | Spider:4 | Noticed Arachne
 31704 | Spider:4 | Killed Arachne
 31711 | Spider:4 | Reached XP level 17. HP: 128/166 MP: 0/16
 31839 | Spider:4 | Received a gift from Trog
 32524 | Spider:4 | Got a gossamer rune of Zot
 32730 | Spider:4 | Found a runed translucent gate.
 32730 | Spider:4 | Noticed mys's ghost (adept FoCK)
 32732 | Spider:4 | Found a runed translucent gate.
 32843 | Spider:4 | Killed mys's ghost
 32897 | Spider:4 | Got a pair of spiked boots
 32910 | Spider:4 | Identified the +1 pair of boots of Defiance {MR+ Str-5
                  | Dex+5} (You found it on level 4 of the Spider Nest)
 33095 | Shoals:1 | Entered Level 1 of the Shoals
 33319 | Shoals:2 | Noticed a kraken
 33810 | Shoals:3 | Received a gift from Trog
 33991 | Shoals:3 | Noticed Bai Suzhen
 34025 | Shoals:3 | Killed Bai Suzhen
 34203 | Shoals:3 | Reached skill level 24 in Axes
 34590 | Shoals:4 | Entered Level 4 of the Shoals
 34603 | Shoals:4 | Found a frozen archway.
 34624 | IceCv    | Entered an ice cave
 35106 | IceCv    | Got a pair of warped gloves
 35117 | IceCv    | Identified the +2 pair of gloves of True Grit {Int+4} (You
                  | found it in an ice cave)
 35224 | IceCv    | Noticed an Ice Fiend
 35224 | IceCv    | Noticed an Ice Fiend
 35236 | IceCv    | Killed an Ice Fiend
 35243 | IceCv    | Killed an Ice Fiend
 35540 | IceCv    | Got a pitted mace
 35924 | Shoals:4 | Received a gift from Trog
 36083 | Shoals:3 | Noticed Mara
 36176 | Shoals:4 | Received a gift from Trog
 36511 | Shoals:4 | Reached XP level 18. HP: 151/177 MP: 17/17
 36806 | Shoals:4 | Received a gift from Trog
 36813 | Shoals:4 | Got an encrusted battleaxe {god gift}
 36814 | Shoals:4 | Identified the +2 battleaxe "Honuicra" {antimagic, rPois}
                  | (Trog gifted it to you on level 4 of the Shoals)
 37333 | Shoals:4 | Reached skill level 1 in Evocations
 37660 | Shoals:4 | Got a barnacled rune of Zot
 37986 | Lair:2   | Reached XP level 19. HP: 184/184 MP: 18/21
 38105 | D:15     | Reached skill level 5 in Evocations
 38250 | D:15     | Found a staircase to the Depths.
 38379 | D:15     | Noticed Azrael
 38391 | D:15     | Killed Azrael
 38435 | D:15     | Reached skill level 25 in Axes
 38502 | D:15     | Identified a scroll of acquirement
 38588 | D:15     | Found the +12 glaive of Prune {chop}
 39055 | Depths:1 | Entered Level 1 of the Depths
 39059 | Depths:1 | Received a gift from Trog
 39245 | Depths:1 | Found Awkiasm's Specialty Armours.
 39281 | D:15     | Slain by a deep troll

Skill      XL: |  1  2  3  4  5  6  7  8  9 10 11 12 13 14 15 16 17 18 19 |
---------------+----------------------------------------------------------+-----
Axes           | 4 5 6 7 8 9 11 13 16 18 20 23 24 25 | 25.4
Fighting       | 5 10 13 15 17 18 19 | 19.7
Armour         | 4 9 12 14 15 17 | 17.2
Dodging        | 3 8 |  8.3
Evocations     | 4 6 |  6.5

Action                   |  1- 3 |  4- 6 |  7- 9 | 10-12 | 13-15 | 16-18 | 19-21 || total
-------------------------+-------+-------+-------+-------+-------+-------+-------++-------
Melee: Hand axe          |    95 |   106 |   167 |       |       |       |       ||   368
       Headbutt          |    11 |    20 |    68 |   108 |   228 |   195 |    32 ||   662
       War axe           |       |       |   124 |    54 |   528 |     5 |       ||   711
       Whip              |       |       |       |    41 |       |       |       ||    41
       Battleaxe         |       |       |       |   417 |   540 |       |       ||   957
       Falchion          |       |       |       |     6 |    18 |       |       ||    24
       Unarmed           |       |       |       |       |     7 |       |       ||     7
       Executioner's axe |       |       |       |       |       |   885 |   130 ||  1015
Throw: Throwing net      |       |       |       |       |       |    10 |       ||    10
Invok: Berserk           |       |     2 |     2 |     5 |     8 |    12 |     4 ||    33
       Brothers in Arms  |       |       |       |       |     3 |     9 |     2 ||    14
       Trog's Hand       |       |       |       |       |     2 |     5 |     3 ||    10
Evoke: Wand              |       |       |       |       |     5 |     8 |       ||    13
  Use: Scroll            |       |       |       |    24 |     7 |    11 |     4 ||    46
       Potion            |       |       |       |     1 |     3 |    10 |     1 ||    15
 Stab: Sleeping          |     1 |       |       |       |       |       |       ||     1
       Held in net/web   |       |       |     2 |       |       |     3 |       ||     5
       Distracted        |       |       |       |       |     1 |       |       ||     1
  Eat: Ration            |     1 |     1 |     2 |     3 |    13 |    15 |     1 ||    36
       Chunk             |       |       |    15 |    13 |    10 |     5 |     3 ||    46
Armor: Animal skin       |     8 |       |       |       |       |       |       ||     8
       Ring mail         |    32 |    48 |    46 |       |       |       |       ||   126
       Chain mail        |       |       |    17 |    26 |       |       |       ||    43
       Plate armour      |       |       |       |   236 |   748 |   850 |   108 ||  1942
Dodge: Dodged            |    67 |    49 |   151 |   242 |   593 |   554 |    99 ||  1755
       Rpst.: Falchion   |       |       |       |       |     4 |       |       ||     4
